 Dungeon Crawl Stone Soup version 0.27-a0-1139-g28e009f8a6 (webtiles) character file.

Game seed: 6302234044415492067

103 Froggeryz the Gusty (level 4, 0/26 HPs)
             Began as a Deep Elf Air Elementalist on May 7, 2021.
             Slain by Crazy Yiuf
             ... wielding a +3 quarterstaff of chaos
              (11 damage)
             ... on level 2 of the Dungeon.
             The game lasted 00:04:26 (2458 turns).

Froggeryz the Gusty (Deep Elf Air Elementalist)     Turns: 2458, Time: 00:04:27

Health: 0/26       AC:  2    Str:  5    XL:     4   Next: 51%
Magic:  6/10       EV: 12    Int: 21    God:
Gold:   39         SH:  0    Dex: 15    Spells: 8/9 levels left

rFire    . . .     SeeInvis .   l - +3 whip (drain)
rCold    . . .     Faith    .   (no shield)
rNeg     . . .     Spirit   .   a - +0 robe
rPois    .         Reflect  .   (no helmet)
rElec    .         Harm     .   k - scarf {shadows}
rCorr    .         Rampage  .   (no gloves)
Will     +....                  (no boots)
Stlth    ++........             (no amulet)
HPRegen  0.08/turn              h - ring of flight
MPRegen  0.12/turn              i - ring of willpower

@: flying, very slightly contaminated
A: no striking features
a: no special abilities


You were on level 2 of the Dungeon.
You visited 1 branch of the dungeon, and saw 2 of its levels.

You collected 99 gold pieces.
You spent 60 gold pieces at shops.

Inventory:

Hand Weapons
 l - a +3 whip of draining (weapon)
Missiles
 g - 3 atropa-tipped darts
Armour
 a - a +0 robe (worn)
 k - a scarf of shadows (worn)
Jewellery
 d - a ring of positive energy
 h - a ring of flight (left hand)
 i - a ring of willpower (right hand)
 p - a ring of positive energy
Wands
 m - a wand of digging (6)
Scrolls
 e - 2 scrolls of teleportation
 q - 2 scrolls of amnesia
Potions
 b - a potion of magic
 c - 3 potions of heal wounds
 f - 4 potions of curing
 j - a potion of cancellation {unknown}


   Skills:
 + Level 1.7 Fighting
 - Level 2.4 Dodging
 - Level 2.4 Stealth
 - Level 3.0 Spellcasting
 - Level 1.1 Conjurations
 * Level 4.7 Air Magic


You had 8 spell levels left.
You knew the following spells:

 Your Spells              Type           Power      Damage    Failure   Level
a - Shock                 Conj/Air       60%        1d6       4%          1

Your spell library contained the following spells:

 Spells                   Type           Power      Damage    Failure   Level
 Static Discharge         Conj/Air       15%        N/A       6%          2
 Swiftness                Air            23%        N/A       6%          3
 Airstrike                Air            11%        N/A       19%         4
 Lightning Bolt           Conj/Air       7%         1d20      73%         5


Dungeon Overview and Level Annotations

Branches:
Dungeon (2/15)

Altars:
Wu Jian

Shops:
D:2 =[?!

Annotations:
D:2 Crazy Yiuf


Message History

a +0 flail of holy wrath; a +0 spear Crazy Yiuf whimpers, "Trifle rumpyflump cloud!"
Casting: Shock (safe; 4% risk of failure)
Confirm with . or Enter, or press ? or * to list all spells.
Aiming: Shock (safe; 4% risk of failure)
Press: ? - help, Shift-Dir - straight line The zap misses Crazy Yiuf.
The zap hits Crazy Yiuf.
Crazy Yiuf is lightly wounded.
Crazy Yiuf hits you with a +3 quarterstaff of chaos!
Crazy Yiuf burns you.
Unknown command.
Casting: Shock (safe; 4% risk of failure)
Confirm with . or Enter, or press ? or * to list all spells.
Aiming: Shock (safe; 4% risk of failure)
Press: ? - help, Shift-Dir - straight line The zap hits Crazy Yiuf.
Crazy Yiuf is moderately wounded.
The zap hits Crazy Yiuf.
Crazy Yiuf is heavily wounded.
Crazy Yiuf hits you with a +3 quarterstaff of chaos.
Crazy Yiuf freezes you.
Unknown command.
Casting: Shock (safe; 4% risk of failure)
Confirm with . or Enter, or press ? or * to list all spells.
Aiming: Shock (safe; 4% risk of failure)
Press: ? - help, Shift-Dir - straight line The zap misses Crazy Yiuf.
The zap hits Crazy Yiuf.
Crazy Yiuf is severely wounded.
Crazy Yiuf barely misses you.
Unknown command.
Unknown command.
Casting: Shock (safe; 4% risk of failure)
Confirm with . or Enter, or press ? or * to list all spells.
Aiming: Shock (safe; 4% risk of failure)
Press: ? - help, Shift-Dir - straight line You miscast Shock.
You are very lightly contaminated with residual magic.
Nothing appears to happen.
Crazy Yiuf hits you with a +3 quarterstaff of chaos!
You die...

..#......# ### #.#
.#....#..# #.#
###......# #.#
#......#######.#
###^##.........#
#.....#####.####
#.....# #)...####
#.....#
#....g).#############
#.....#
#.##@##..............
#.....#
#.##.##.#############
####### #....##.# #
#.#####.# #...<...#
#.####### #########
#.# ...##...# #.#
##......#####.#


You could see Crazy Yiuf.

Vanquished Creatures
  4 gnolls (D:2)
  An adder (D:2)
  3 dart slugs (D:1)
  4 endoplasms
  2 giant cockroaches (D:1)
  2 goblins (D:1)
  4 hobgoblins
  7 jackals (D:2)
  4 kobolds (D:1)
  6 ball pythons
  3 bats
  2 frilled lizards (D:1)
  3 rats
45 creatures vanquished.

Vanquished Creatures (others)
  2 fungi (D:2)
2 creatures vanquished.

Grand Total: 47 creatures vanquished

Notes
Turn   | Place    | Note
-------+----------+-------------------------------------------
     0 | D:1      | Froggeryz the Deep Elf Air Elementalist began the quest for
                  | the Orb.
     0 | D:1      | Reached XP level 1. HP: 10/10 MP: 6/6
   294 | D:1      | Found a faded altar of an unknown god.
   298 | D:1      | Reached XP level 2. HP: 16/16 MP: 6/8
   714 | D:1      | Reached skill level 1 in Fighting
   851 | D:1      | Reached XP level 3. HP: 20/20 MP: 3/9
  1102 | D:1      | Reached skill level 4 in Air Magic
  1304 | D:2      | Reached XP level 4. HP: 4/25 MP: 3/10
  1608 | D:2      | Found Laucko's Magic Scroll Emporium.
  1758 | D:2      | Found an ornate altar of the Wu Jian Council.
  1796 | D:2      | Found Jamestis's Jewellery Shop.
  1835 | D:2      | Found Opsej's Antique Armour Shoppe.
  2154 | D:2      | Found Mucluddu's Distillery.
  2161 | D:2      | Bought a potion of heal wounds for 60 gold pieces
  2424 | D:2      | Found a runed translucent door.
  2425 | D:2      | Noticed Crazy Yiuf
  2458 | D:2      | Slain by Crazy Yiuf

Illustrated notes

Levels and vault maps discovered:
D:1:      dpeg_arrival_arbitrary_c, layout_loops_cross,
          chequers_ecumenical_altar_simple_redux, minmay_pentomino_u4
D:2:      layout_loops_cross, serial_shops, shop, shop,
          nicolae_shop_overgrown_old_shop, shop_fountains, basic_altar,
          uniq_crazy_yiuf_cottage

Skill      XL: |  1  2  3 |
---------------+----------+-----
Fighting       | 1 |  1.7
Air Magic      | 4 |  4.7
Dodging        | |  2.4
Stealth        | |  2.4
Spellcasting   | |  3.0
Conjurations   | |  1.1

Action                   |  1- 3 |  4- 6 || total
-------------------------+-------+-------++-------
Melee: Whip              |       |    29 ||    29
 Cast: Shock             |    73 |    12 ||    85
  Use: Scroll            |       |     5 ||     5
 Stab: Sleeping          |       |     2 ||     2
Armor: Robe              |     1 |     9 ||    10
Dodge: Dodged            |     3 |    23 ||    26

Table legend: (Time is in decaauts)
 A = Elapsed time spent in this place.
 B = Non-inter-level travel time spent in this place.
 C = Inter-level travel time spent in this place.
 D = Time resting spent in this place.
 E = Time spent auto-exploring this place.
 F = Levels seen in this place.
 G = Mean time per level.
                   A        B        C        D        E       F      G
               +--------+--------+--------+--------+--------+-----+--------+
         Total |   2458 |   2415 |     43 |     82 |   2011 |   2 | 1229.0 |
       Dungeon |   2458 |   2415 |     43 |     82 |   2011 |   2 | 1229.0 |
               +--------+--------+--------+--------+--------+-----+--------+

Top non-repeatable levels by time:
     D:1: 1238 daAuts
     D:2: 1219 daAuts
